 Dungeon Crawl Stone Soup version 0.31-a0-876-gfe8ebadbca (webtiles) character file.

Game seed: 5949836224508221203

329 Shayle the Changeling (level 6, 0/48 HPs)
             Began as a Human Shapeshifter on Oct 13, 2023.
             Succumbed to a scorpion's poison
             ... on level 4 of the Dungeon.
             The game lasted 00:09:51 (3602 turns).

Shayle the Changeling (Human Shapeshifter)          Turns: 3602, Time: 00:09:52

Health: 0/48       AC:  5    Str: 11 (14) XL:     6   Next: 80%
Magic:  6/6        EV: 25    Int: 18 (19) God:
Gold:   125        SH:  0    Dex:  9 (12) Spells: 5/5 levels left

rFire   . .          .
                       - Unarmed
rCold   . . .        (no shield)
rNeg    . . .        s - +0 ring mail
rPois   .            (helmet currently unavailable)
rElec   .            (cloak currently unavailable)
rCorr   .            (gloves currently unavailable)
SInv    .            (boots currently unavailable)
Will    .....        p - amulet of the acrobat Stlth
                     o - +6 ring of intelligence
HPRegen 0.28/turn    (no ring)
MPRegen 0.10/turn

%: acrobat
@: lethally poisoned (0 -> -2), beast-form, acrobatic
A: beast (slay +2), teleportitis 1
a: Begin Untransformation


You were on level 4 of the Dungeon.
You were a hulking beast.
You visited 1 branch of the dungeon, and saw 4 of its levels.

You collected 125 gold pieces.

Inventory:

Hand Weapons
 b - a +0 dagger of draining
Missiles
 e - 2 curare-tipped darts
Armour
 a - a +0 animal skin
 s - a +0 ring mail (worn)
Jewellery
 o - a +6 ring of intelligence (left hand)
 p - an amulet of the acrobat (around neck)
Talismans
 c - a beast talisman (active)
 d - a flux talisman
Wands
 k - a wand of mindburst (8)
Potions
 f - 3 potions of haste
 i - a potion of attraction
 n - a potion of degeneration


   Skills:
 + Level 3.8 Fighting
 - Level 3.0 Dodging
 - Level 3.7 Unarmed Combat
 + Level 4.6 Shapeshifting


You had 5 spell levels left.
You didn't know any spells.
Your spell library contained the following spells:

 Spells                   Type           Power      Damage    Failure   Level
 Apportation              Tloc           0%         N/A       47%         1
 Necrotise                Necr           0%         1d4       47%         1
 Summon Small Mammal      Summ           0%         N/A       47%         1
 Blink                    Tloc           0%         N/A       63%         2
 Ignite Poison            Fire/Tmut/Pois 0%         N/A       85%         3
 Manifold Assault         Tloc           0%         N/A       99%         4
 Sticky Flame             Conj/Fire      0%         2d3       99%         4
 Ignition                 Fire           0%         3d3       100%        8


Dungeon Overview and Level Annotations

Branches:
Dungeon (4/15)
 Temple: D:4-7

Altars:
Hepliaklqana
Qazlal
Xom

Shops:
D:4 (


Innate Abilities, Weirdness & Mutations

You are a hulking beast.
Your limbs bulge with bestial killing power. (Slay +2)
You are occasionally teleported next to monsters.


Message History

Aim: a scorpion (lightly wounded, chance to affect: 64%)
The scorpion struggles to resist.
* * * LOW HITPOINT WARNING * * *
You feel very sick. The scorpion stings you.
* * * LOW HITPOINT WARNING * * *
Aiming: Mindburst
Press: ? - help, Shift-Dir - straight line, f/p - scorpion
Aim: a scorpion (lightly wounded, chance to affect: 64%)
The scorpion's mind is blasted!!
You blow up the scorpion!
* * * LOW HITPOINT WARNING * * *
You feel sick.
You feel your intelligence returning.
Aiming: Mindburst
Press: ? - help, Shift-Dir - straight line, f - orc
Aim: an orc, wielding a +0 dagger and wearing a +0 leather armour (chance to affect: 79%)
The orc's mind is blasted!
You blow up the orc!
* * * LOW HITPOINT WARNING * * *
You feel sick.
Okay, then.
There is a lethal amount of poison in your body!
There is a lethal amount of poison in your body!
You don't know any spells.
You feel extremely strange.
You feel your magical essence link to the dungeon's wands.
Your toenails lengthen and sharpen.
* * * LOW HITPOINT WARNING * * *
You feel sick.
You feel extremely strange.
Your magical essence no longer links to wands of the dungeon.
Your talons dull and shrink into feet.
You feel weirdly uncertain.
* * * LOW HITPOINT WARNING * * *
You feel sick.
* * * LOW HITPOINT WARNING * * *
You feel sick.
* * * LOW HITPOINT WARNING * * *
You feel sick.
You die...

#.......##.#..#.#
####....##.#..#.# ..#
#....##.#..#.##..#
#....# .....# ####.#
###.....
#.#####.......#
##.............# .
#......#.##.#..# ..
#......#.##h#..# ...
#......#..#)#..# ....
###.........#.#..#.....
#....#.####.#..........
#....#.# #.##...###...
#....#.####............
#....#........)..###...
#....#.###...#..## .
#....#.............


There were no monsters in sight!

Vanquished Creatures
  A kobold brigand (D:3)
  A scorpion (D:4)
  A jelly (D:4)
  A hound (D:4)
  An iguana (D:4)
  Robin (D:4)
  A worm (D:2)
  2 dart slugs
  8 orcs
  3 ball pythons
  6 bats
  5 endoplasms
  A giant cockroach (D:1)
  7 goblins
  12 hobgoblins
  3 quokkas
  A frilled lizard (D:3)
  12 kobolds
  6 rats
73 creatures vanquished.

Vanquished Creatures (others)
  2 goblins (D:4)
  2 hobgoblins (D:4)
4 creatures vanquished.

Grand Total: 77 creatures vanquished

Notes
Turn   | Place    | Note
-------+----------+-------------------------------------------
     0 | D:1      | Shayle the Human Shapeshifter began the quest for the Orb.
     0 | D:1      | Reached XP level 1. HP: 15/15 MP: 1/1
   151 | D:1      | Reached XP level 2. HP: 21/21 MP: 2/2
   857 | D:2      | Reached XP level 3. HP: 24/26 MP: 3/3
  1398 | D:2      | HP: 1/27 [worm (9)]
  1621 | D:2      | Found a hazy altar of Hepliaklqana.
  2110 | D:3      | Reached XP level 4. HP: 33/33 MP: 4/4
  2192 | D:3      | Noticed a kobold brigand
  2196 | D:3      | Killed a kobold brigand
  2197 | D:3      | Reached XP level 5. HP: 39/39 MP: 5/5
  2433 | D:3      | Found a shimmering altar of Xom.
  3030 | D:4      | Noticed Robin
  3256 | D:4      | Found a stormy altar of Qazlal.
  3307 | D:4      | Reached skill level 4 in Shapeshifting
  3336 | D:4      | Reached XP level 6. HP: 6/47 MP: 6/6
  3346 | D:4      | Killed Robin
  3526 | D:4      | Found Momij's Antique Weapon Emporium.
  3598 | D:4      | Gained mutation: You expend magic power (3 MP) to
                  | strengthen your wands. [potion of mutation]
  3598 | D:4      | Gained mutation: You have sharp toenails. [potion of
                  | mutation]
  3599 | D:4      | Lost mutation: You expend magic power (3 MP) to strengthen
                  | your wands. [potion of mutation]
  3599 | D:4      | Lost mutation: You have sharp toenails. [potion of
                  | mutation]
  3599 | D:4      | Gained mutation: You are occasionally teleported next to
                  | monsters. [potion of mutation]
  3600 | D:4      | HP: 2/48 [poisoned by a scorpion]
  3602 | D:4      | Succumbed to a scorpion's poison

Illustrated notes

Levels and vault maps discovered:
D:1:      heliophobic_arrival_ceremonial_halls, layout_basic,
          serial_corexii_hall, corexii_hall_statues_x, corexii_hall_statues_x
D:2:      layout_basic, basic_altar
D:3:      cheibrodos_thug_alley, layout_loops_corners,
          mainiacjoe_overflow_concentric_impassable, st_stairs_5
D:4:      layout_basic, nemelex_diamond_rough_becter, kennysheep_little_box,
          serial_shops, shop, uniq_sigmund, uniq_robin

Skill      XL: |  1  2  3  4  5 |
---------------+----------------+-----
Fighting       | 2 3 |  3.8
Dodging        | 3 |  3.0
Shapeshifting  | 4 |  4.6
Unarmed Combat | |  3.7

Action                     |  1- 3 |  4- 6 || total
---------------------------+-------+-------++-------
  Melee: Unarmed           |   109 |    85 ||   194
         Punch             |     3 |     2 ||     5
  Evoke: Wand              |       |    17 ||    17
    Use: Potion            |     3 |     7 ||    10
         Scroll            |     2 |     2 ||     4
   Stab: Sleeping          |     3 |     1 ||     4
 Armour: Animal skin       |    47 |    12 ||    59
         Skin              |    12 |    28 ||    40
         Ring mail         |       |    20 ||    20
  Dodge: Dodged            |    68 |    58 ||   126

Table legend: (Time is in decaauts)
 A = Elapsed time spent in this place.
 B = Non-inter-level travel time spent in this place.
 C = Inter-level travel time spent in this place.
 D = Time resting spent in this place.
 E = Time spent auto-exploring this place.
 F = Levels seen in this place.
 G = Mean time per level.
                   A        B        C        D        E       F      G
               +--------+--------+--------+--------+--------+-----+--------+
         Total |   3590 |   3446 |    144 |    414 |   2310 |   4 |  897.5 |
       Dungeon |   3590 |   3446 |    144 |    414 |   2310 |   4 |  897.5 |
               +--------+--------+--------+--------+--------+-----+--------+

Top non-repeatable levels by time:
     D:3: 1220 daAuts
     D:2: 1164 daAuts
     D:1: 793 daAuts
     D:4: 412 daAuts
